 Dungeon Crawl Stone Soup version 0.23-a0-395-gcf17ac6 (webtiles) character file.

18 Cryolive the Digger (level 2, -1/16 HPs)
             Began as a Gargoyle Earth Elementalist on Nov 1, 2018.
             Slain by an ice beast (3 damage)
             ... on level 2 of the Dungeon.
             The game lasted 00:01:39 (658 turns).

Cryolive the Digger (Gargoyle Earth Elementalist)    Turns: 658, Time: 00:01:39

Health: -1/16      AC:  4    Str: 11    XL:     2   Next: 66%
Magic:  2/5        EV: 12    Int: 15    God:
Gold:   37         SH:  0    Dex: 10    Spells: 4/5 levels left

rFire    . . .     SeeInvis .   e - +0 club
rCold    . . .     Gourm    .   (no shield)
rNeg     + . .     Faith    .   c - +0 robe
rPois    ∞         Spirit   .   (no helmet)
rElec    +         Reflect  .   (no cloak)
rCorr    .         Harm     .   (no gloves)
MR       .....                  (no boots)
Stlth    ++........             (no amulet)
HPRegen  0.05/turn              (no ring)
MPRegen  0.09/turn              (no ring)

@: no status effects
A: negative energy resistance 1, electricity resistance, unbreathing,
petrification resistance, rot immunity, AC +2
a: no special abilities


You were on level 2 of the Dungeon.
You were not hungry.

You visited 1 branch of the dungeon, and saw 2 of its levels.

You collected 37 gold pieces.

Inventory:

Hand Weapons
 e - a +0 club (weapon)
Missiles
 b - 56 stones (quivered)
Armour
 c - a +0 robe (worn)
 f - a +0 shield
Jewellery
 a - an uncursed amulet of guardian spirit
Scrolls
 i - a scroll of amnesia {unknown}
 m - a scroll of remove curse {unknown}
Potions
 g - 2 potions of lignification {unknown}
 h - a potion of agility {unknown}
 j - a potion of curing {unknown}
 k - a potion of berserk rage {unknown}
 l - a potion of resistance {unknown}
Comestibles
 d - 4 rations


   Skills:
 + Level 0.5 Fighting
 + Level 0.5 Armour
 - Level 1.5 Dodging
 - Level 2.1 Stealth
 + Level 0.5 Shields
 + Level 2.3 Spellcasting
   Level 0.7 Transmutations
 + Level 4.0 Earth Magic


You had 4 spell levels left.
You knew the following spells:

 Your Spells              Type           Power        Failure   Level  Hunger
a - Sandblast             Erth           ##....       4%          1    #......

Your spell library contained the following spells:

 Spells                   Type           Power        Failure   Level  Hunger
 Passwall                 Tmut/Erth      #.......     12%         2    ###....
 Stone Arrow              Conj/Erth      #.....       28%         3    ###....
 Petrify                  Tmut/Erth      #.......     63%         4    #####..
 Lee's Rapid Deconstruct  Erth           ##........   75%         5    ######.


Dungeon Overview and Level Annotations

Branches:
Dungeon (2/15)

Altars:


Innate Abilities, Weirdness & Mutations

You are resistant to torment.
Your stone body is resilient. (AC +2)
You are immune to poison.
You resist negative energy. (rN+)
You are resistant to electric shocks. (rElec)
You can survive without breathing.
You are immune to petrification.
You are immune to rotting.


Message History

Aim: a frilled lizard The blast of sand hits the frilled lizard.
You kill the frilled lizard!
b - 56 stones The bat hits you but does no damage.
The bat hits you but does no damage. The bat hits you but does no damage.
The bat misses you.
The ice beast hits you but does no damage.
The bat barely misses you. The bat hits you but does no damage.
The bat hits you but does no damage. The bat barely misses you.
The bat hits you.
* * * LOW HITPOINT WARNING * * *
Casting: Sandblast (safe; 4% risk of failure)
Confirm with . or Enter, or press ? or * to list all spells.
You don't know that spell.
The bat hits you but does no damage. The ice beast hits you.
You die...

............ #......##..
.........#
......#.############.. #
#..........#......... #..
#..#.........)##
#....##†..........#..#### .#
..............b...##....# .#
.....#..#.....Y@..#####.###.##
.......##.........# #.##...#
#....## #.........# #.##...#
#.... #.........# #.##...#
#... #.........# #..#...# ###
#.........# ##.....#
#.........# ###...#
#.........# #...# #<..#


You could see an ice beast and a bat.

Vanquished Creatures
  A worm (D:2)
  A dart slug (D:1)
  A leopard gecko (D:1)
  2 bats (D:1)
  A goblin (D:1)
  2 hobgoblins (D:1)
  A kobold (D:1)
  A frilled lizard (D:2)
  A rat (D:1)
11 creatures vanquished.

Notes
Turn   | Place    | Note
-------+----------+-------------------------------------------
     0 | D:1      | Cryolive the Gargoyle Earth Elementalist began the quest
                  | for the Orb.
     0 | D:1      | Reached XP level 1. HP: 10/10 MP: 3/3
   145 | D:1      | Reached XP level 2. HP: 14/15 MP: 0/5
   246 | D:1      | Reached skill level 4 in Earth Magic
   644 | D:2      | Noticed an ice beast
   658 | D:2      | Slain by an ice beast

Vault maps used:
D:1:      sevenhm_arrival_forest_fort_small_4, minmay_tetromino_t2

Skill      XL: |  1  2 |
---------------+-------+-----
Earth Magic    | 4 |  4.0
Fighting       | |  0.5
Armour         | |  0.5
Dodging        | |  1.5
Stealth        | |  2.1
Shields        | |  0.5
Spellcasting   | |  2.3
Transmutations | |  0.7

Action                   || total
-------------------------++-------
Melee: Unarmed           ||    24
       Club              ||    29
 Cast: Sandblast         ||     6
 Stab: Sleeping          ||     3
Armor: Robe              ||    31
Dodge: Dodged            ||    55

Table legend:
 A = Non-vault XP
 B = Vault XP
 C = Vault XP percentage of total XP
 D = Non-vault monster count
 E = Vault monster count
 F = Vault count percentage of total count
                 A         B        C        D         E       F
            +---------+---------+-------+---------+---------+-------
      Total |      24 |       2 |   7.7 |      10 |       1 |   9.1
            +---------+---------+-------+---------+---------+-------
        D:1 |      18 |       2 |  10.0 |       8 |       1 |  11.1
        D:2 |       6 |       0 |   0.0 |       2 |       0 |   0.0
            +---------+---------+-------+---------+---------+-------
